[Event "44th Chess Olympiad Open 2022"]
[Site "Chennai"]
[Date "2022.08.09"]
[Round "11.57"]
[White "Madol Garang Panthoum"]
[Black "Shaker, Musab"]
[Result "1-0"]
[ECO "C55"]
[WhiteElo "1985"]
[BlackElo "1705"]
[Annotator "TA"]
[PlyCount "117"]
[EventDate "2022.07.29"]
[EventType "team-tourn"]
[EventCountry "IND"]
[SourceTitle "playchess.com"]
[Source "ChessBase"]
[SourceQuality "1"]
[WhiteTeam "Uganda"]
[BlackTeam "Brunei"]
[WhiteTeamCountry "UGA"]
[BlackTeamCountry "BRN"]
[TimeControl "40/5400+30:1800+30"]

1. e4 e5 2. Nc3 Nf6 3. Nf3 Nc6 4. Bc4 Nxe4 5. O-O Nf6 6. Re1 {[%emt 0:03:18] C55: Two Knights: 4 d3, 4 d4 exd4 5 e5 and Max Lange Attack.} (6. d4 $5 e4 7. Ne5 $11) 6... Be7 $1 7. Nxe5 Nxe5 8. Rxe5 {[%emt 0:00:03] Black has an edge.} d6 9. Re1 d5 10. Bb3 O-O {[%emt 0:02:40] [#]} ({Better is} 10... c6 $11) 11. d4 (11. Nxd5 $1 $14 Nxd5 12. Bxd5) 11... c6 12. Ne2 {[%emt 0:03:17] [#]} Ne4 $146 ({Predecessor:} 12... Bf5 13. Ng3 Bg6 14. Bf4 Re8 15. Qd2 Bf8 16. Rxe8 Nxe8 17. Re1 Nd6 18. Bg5 Qd7 {0-1 (70) Appel,H (2235)-Singer,C (2316) Freising 2001}) 13. f3 Ng5 14. Bf4 Ne6 15. Bg3 Bg5 16. c3 h5 17. f4 Bh6 18. f5 Ng5 19. Nf4 Bxf5 20. Qxh5 Qd7 21. Qd1 Ne4 22. Qf3 (22. Bc2 $142) 22... Rae8 23. h3 Nxg3 24. Qxg3 Qd6 25. Nh5 Qxg3 26. Nxg3 Bg6 27. Kf2 {[%emt 0:02:04] Prevents Be3+.} f6 (27... Re6 $17 28. Nf1 Rfe8 29. Rxe6 Rxe6) 28. c4 $11 dxc4 29. Bxc4+ Kh7 30. h4 Rd8 31. h5 Bf7 {[%emt 0:00:27] This bishop pair is nice.} 32. Bd3+ Kh8 33. Re4 c5 34. Nf5 Bxh5 (34... Rd7 $11 {remains equal.}) 35. Rh4 $1 $16 Be8 (35... c4 $16) 36. Nxh6 $18 gxh6 37. Rxh6+ Kg8 38. Rah1 {[%emt 0:00:54] White threatens Bf5 and mate.} Kf7 {[%emt 0:00:14] [#]} 39. Bg6+ (39. Rh7+ $1 $18 {has better winning chances.} Ke6 40. Re1+ (40. Rxb7 Rxd4 41. Be2 Rf7 $11) 40... Kd6 41. Rxb7) 39... Ke6 $16 40. Re1+ ({Much worse is} 40. dxc5 $6 Rd2+ 41. Ke3 Rxb2 $11) 40... Kd5 41. Bxe8 {[%emt 0:31:00] White is more active.} Rdxe8 42. Rxe8 Rxe8 43. dxc5 Kxc5 (43... Re6 $16 {keeps fighting.}) 44. Rxf6 {[%emt 0:00:00][%mdl 4096] Endgame KR-KR} Rd8 45. Kg1 (45. g4 $18) 45... b5 (45... Rd4 $142) 46. g3 ({White should play} 46. Rf5+ Kc4 47. g4) 46... a5 (46... Kd4 $16) 47. Kg2 a4 ({Weaker is} 47... Rd2+ 48. Rf2 Rd1 49. g4) 48. Rf2 (48. Rf5+ $18 {is more deadly.} Kc6 49. Rf2) 48... Rd3 49. Kh3 b4 $1 {[%emt 0:00:55] [#]} 50. Kh4 $1 {[%emt 0:00:00] And now g4 would win.} a3 (50... Rd1 $142 51. g4 Rh1+ 52. Kg3 Kd6) 51. b3 $2 (51. bxa3 $18 Rxa3 52. g4) 51... Rd1 52. g4 {[%emt 0:00:00][%cal Bg3g4,Bg4g5,Bg5g6,Bg6g7][%mdl 32] Black must now prevent g5.} Rh1+ 53. Kg3 {[%emt 0:00:00] g5 is the strong threat.} Kd4 54. g5 Kc3 $2 (54... Ke5 $14) 55. Rg2 {[%emt 0:00:00] White mates.} Kd4 56. g6 Rh8 57. g7 Rg8 58. Kf4 Kc3 59. Ke4 {[%emt 0:03:20] Weighted Error Value: White=0.28 (precise) /Black=0.32} 1-0

[Event "44th Chess Olympiad Open 2022"]
[Site "Chennai"]
[Date "2022.08.09"]
[Round "11.57"]
[White "Al-Burshaid, Ebrahim"]
[Black "Peter Majur Manyang"]
[Result "0-1"]
[ECO "B15"]
[WhiteElo "1702"]
[BlackElo "2095"]
[Annotator "NA RC"]
[PlyCount "64"]
[EventDate "2022.07.29"]
[EventType "team-tourn"]
[EventCountry "IND"]
[SourceTitle "playchess.com"]
[Source "ChessBase"]
[SourceQuality "1"]
[WhiteTeam "Brunei"]
[BlackTeam "SSD"]
[WhiteTeamCountry "BRN"]
[TimeControl "40/5400+30:1800+30"]

1. e4 c6 2. d4 d5 3. Nc3 dxe4 4. Nxe4 Nf6 5. Nxf6+ exf6 6. c3 Bd6 7. Bd3 O-O 8. Qc2 g6 9. h4 Re8+ 10. Ne2 Qd7 11. Be3 f5 12. O-O-O b5 13. h5 Be7 14. hxg6 hxg6 15. Kb1 Bf6 16. g4 fxg4 17. Nf4 Bg7 18. Ka1 Qd6 19. Rdg1 Na6 20. Rg2 Nc7 21. Rgh2 Nd5 22. Nxd5 cxd5 23. Bxb5 Bf5 24. Bd3 Be4 25. Bxe4 Rxe4 26. Rg2 Rae8 27. a3 f5 28. Bg5 Re2 29. Qd3 Qb6 30. Rb1 Qb3 31. Be3 R8xe3 32. fxe3 Rxg2 0-1

[Event "44th Chess Olympiad Open 2022"]
[Site "Chennai"]
[Date "2022.08.09"]
[Round "11.58"]
[White "Abera, Aydagnuhem Gezachew"]
[Black "Alegre, Fabio Costa"]
[Result "1-0"]
[ECO "B34"]
[WhiteElo "2137"]
[BlackElo "1809"]
[Annotator "NA RC"]
[PlyCount "101"]
[EventDate "2022.07.29"]
[EventType "team-tourn"]
[EventCountry "IND"]
[SourceTitle "playchess.com"]
[Source "ChessBase"]
[SourceQuality "1"]
[WhiteTeam "Ethiopia"]
[BlackTeam "STP"]
[WhiteTeamCountry "ETH"]
[TimeControl "40/5400+30:1800+30"]

1. e4 c5 2. Nf3 Nc6 3. d4 cxd4 4. Nxd4 g6 5. Nc3 Bg7 6. Be3 Nf6 7. f3 O-O 8. Qd2 d5 9. O-O-O Nxd4 10. Bxd4 dxe4 11. fxe4 Be6 12. Kb1 a6 13. h4 h5 14. Be2 b5 15. Bf3 Rc8 16. Nd5 Nxd5 17. Bxg7 Kxg7 18. exd5 Bf5 19. Be4 Bxe4 20. Qd4+ Kg8 21. Qxe4 Qd7 22. Rhe1 Rfe8 23. b3 a5 24. c4 a4 25. cxb5 axb3 26. a4 Qd6 27. Kb2 Qf6+ 28. Qd4 Qf5 29. Rd2 Rc2+ 30. Kxb3 Rec8 31. Rxc2 Qxc2+ 32. Kb4 Qc7 33. Rd1 Qd6+ 34. Kb3 Qg3+ 35. Rd3 Qxg2 36. Rc3 Rd8 37. b6 Qh1 38. Kb2 Qh2+ 39. Ka3 e5 40. Qc4 Qg1 41. b7 e4 42. Qc8 Qa1+ 43. Kb4 Qb2+ 44. Ka5 Kh7 45. Qxd8 Qxc3+ 46. Kb6 Qb4+ 47. Kc7 Qc5+ 48. Kb8 e3 49. Ka8 e2 50. b8=Q Qc6+ 51. dxc6 1-0

[Event "44th Chess Olympiad Open 2022"]
[Site "Chennai"]
[Date "2022.08.09"]
[Round "11.58"]
[White "Pereira, Sergio Murilo de Ara"]
[Black "Jimma, Desalegn Fekadu"]
[Result "1-0"]
[ECO "C07"]
[WhiteElo "2093"]
[BlackElo "2112"]
[Annotator "RC"]
[PlyCount "115"]
[EventDate "2022.07.29"]
[EventType "team-tourn"]
[EventCountry "IND"]
[SourceTitle "playchess.com"]
[Source "ChessBase"]
[SourceQuality "1"]
[WhiteTeam "Brazil"]
[BlackTeam "Ethiopia"]
[WhiteTeamCountry "BRA"]
[BlackTeamCountry "ETH"]
[TimeControl "40/5400+30:1800+30"]

1. e4 c5 2. c3 e6 3. d4 d5 4. Nd2 cxd4 5. cxd4 dxe4 6. Nxe4 Bb4+ 7. Nc3 Nc6 8. Nf3 Nf6 9. a3 Ba5 10. Bc4 O-O 11. O-O h6 12. Qd3 a6 13. b4 Bc7 14. Rd1 b5 15. Bb3 Bb7 16. Be3 Ne7 17. Ne5 Nf5 18. Rac1 Rc8 19. f4 Bxe5 20. dxe5 Ng4 21. Bc5 Qh4 22. Qh3 Rfd8 23. Qxh4 Nxh4 24. h3 Nxg2 25. hxg4 Nxf4 26. Rxd8+ Rxd8 27. Rd1 Rd3 28. Rxd3 Nxd3 29. Bd6 Bf3 30. Bd1 Bxd1 31. Nxd1 f5 32. gxf5 exf5 33. e6 Ne1 34. Ne3 Nf3+ 35. Kf2 Ng5 36. Nxf5 Nxe6 37. Ke3 h5 38. Ne7+ Kf7 39. Nd5 g5 40. Nc7 Nxc7 41. Bxc7 Kg6 42. Bd8 Kf5 43. Kf3 h4 44. Be7 g4+ 45. Kf2 h3 46. Kg3 Kg6 47. Bd6 Kg5 48. Kf2 Kf5 49. Ke3 Kg5 50. Bg3 Kf5 51. Kd4 Ke6 52. Ke4 Kf6 53. Kf4 Ke6 54. Kxg4 Kd5 55. Kxh3 Kc4 56. Bc7 Kb3 57. Kg4 Kxa3 58. Ba5 1-0

[Event "44th Chess Olympiad Open 2022"]
[Site "Chennai"]
[Date "2022.08.09"]
[Round "11.58"]
[White "Tsige, Addisalem Temesgen"]
[Black "Lima, Osvaldo Dos Santos"]
[Result "1-0"]
[ECO "B07"]
[WhiteElo "2072"]
[BlackElo "1863"]
[Annotator "NA RC"]
[PlyCount "69"]
[EventDate "2022.07.29"]
[EventType "team-tourn"]
[EventCountry "IND"]
[SourceTitle "playchess.com"]
[Source "ChessBase"]
[SourceQuality "1"]
[WhiteTeam "Ethiopia"]
[BlackTeam "STP"]
[WhiteTeamCountry "ETH"]
[TimeControl "40/5400+30:1800+30"]

1. d4 Nf6 2. Bf4 g6 3. Nc3 Bg7 4. e4 d6 5. Qd2 h6 6. f3 g5 7. Be3 Nbd7 8. O-O-O e5 9. Nge2 a6 10. h4 g4 11. f4 exf4 12. Bxf4 Nh5 13. Be3 b5 14. Kb1 Nb6 15. Nf4 Ng3 16. Rg1 Nxf1 17. Rgxf1 Nc4 18. Qf2 Nxe3 19. Qxe3 Qxh4 20. Nfd5 Qd8 21. e5 Be6 22. Nxc7+ Qxc7 23. exd6 Qxd6 24. d5 b4 25. dxe6 Qxe6 26. Qc5 Bf8 27. Qd4 Rg8 28. Rfe1 Be7 29. Rxe6 fxe6 30. Qd7+ Kf7 31. Rf1+ Kg6 32. Qxe6+ Kh7 33. Qxe7+ Rg7 34. Qe4+ Kh8 35. Qxa8+ 1-0

[Event "44th Chess Olympiad Open 2022"]
[Site "Chennai"]
[Date "2022.08.09"]
[Round "11.58"]
[White "Espirito Santo, Waldyr"]
[Black "Gole, Habtamu Ashenafi"]
[Result "0-1"]
[ECO "C54"]
[WhiteElo "1922"]
[BlackElo "2044"]
[Annotator "NA RC"]
[PlyCount "92"]
[EventDate "2022.07.29"]
[EventType "team-tourn"]
[EventCountry "IND"]
[SourceTitle "playchess.com"]
[Source "ChessBase"]
[SourceQuality "1"]
[WhiteTeam "STP"]
[BlackTeam "Ethiopia"]
[BlackTeamCountry "ETH"]
[TimeControl "40/5400+30:1800+30"]

1. e4 Nc6 2. Nf3 e5 3. Bc4 Nf6 4. d3 Bc5 5. O-O h6 6. c3 Bb6 7. Nbd2 d6 8. Bb3 Bg4 9. Nc4 O-O 10. h3 Bh5 11. Nxb6 axb6 12. Re1 Re8 13. g4 Bg6 14. Nh4 Bh7 15. Nf5 Ne7 16. Qf3 Nxf5 17. gxf5 d5 18. Kh2 Qd6 19. Rg1 Kh8 20. Rg3 Rg8 21. Be3 c6 22. Rag1 b5 23. a3 Rad8 24. Bd1 dxe4 25. dxe4 Qd3 26. Bb3 Qxe4 27. Qe2 Rd7 28. Bc2 Qc4 29. Qf3 Qd5 30. Qe2 e4 31. Bd4 Qxf5 32. Qe3 Rd6 33. f3 Nh5 34. fxe4 Qd7 35. R3g2 Re6 36. Qf3 c5 37. Be3 Qd6+ 38. Kh1 Qe5 39. Qxf7 Re7 40. Qf3 Re6 41. Bc1 Rf6 42. Qe2 Rgf8 43. Be3 Rf3 44. Rh2 Bxe4 45. Bxe4 Qxe4 46. Bxc5 Re3+ 0-1

[Event "44th Chess Olympiad Open 2022"]
[Site "Chennai"]
[Date "2022.08.09"]
[Round "11.59"]
[White "Myat Thiri Aung Kyaw"]
[Black "Pinales Roussel, Gabriel"]
[Result "1-0"]
[ECO "A48"]
[WhiteElo "2120"]
[BlackElo "1973"]
[Annotator "RC"]
[PlyCount "153"]
[EventDate "2022.07.29"]
[EventType "team-tourn"]
[EventCountry "IND"]
[SourceTitle "playchess.com"]
[Source "ChessBase"]
[SourceQuality "1"]
[WhiteTeam "Myanmar"]
[BlackTeam "Puerto Rico"]
[WhiteTeamCountry "MYA"]
[BlackTeamCountry "PUR"]
[TimeControl "40/5400+30:1800+30"]

1. d4 c5 2. e3 g6 3. Nf3 Bg7 4. Be2 Nf6 5. c4 O-O 6. d5 e6 7. Nc3 exd5 8. cxd5 Re8 9. O-O d6 10. Rb1 a6 11. a4 Bf5 12. Bd3 Bxd3 13. Qxd3 Nbd7 14. h3 Rc8 15. b3 c4 16. bxc4 Nc5 17. Qc2 Re7 18. Ba3 Rec7 19. Bb4 Nfd7 20. Rfc1 b6 21. Ne2 a5 22. Ba3 Na6 23. Qb3 Nac5 24. Bxc5 bxc5 25. Nc3 Rb8 26. Nb5 Nf6 27. Qc2 Re7 28. Nd2 Nh5 29. Ne4 Rd7 30. g4 Nf6 31. Kg2 Ne8 32. Ng3 Bf8 33. Qe4 Ng7 34. f4 Be7 35. Qf3 Bh4 36. e4 f5 37. gxf5 gxf5 38. e5 dxe5 39. fxe5 Qg5 40. Kh2 f4 41. Ne2 Qxe5 42. Rg1 Kh8 43. Rbf1 Rf8 44. Kh1 Rdf7 45. Rg4 Nh5 46. Rxh4 Ng3+ 47. Nxg3 fxg3 48. Qxf7 Rxf7 49. Rxf7 h5 50. Kg2 Qe2+ 51. Kxg3 Qe1+ 52. Rf2 Qe3+ 53. Rf3 Qg5+ 54. Rg4 hxg4 55. hxg4 Qe5+ 56. Rf4 Kg7 57. Kf3 Qe1 58. Re4 Qd1+ 59. Kf4 Qxa4 60. Nd6 Qd1 61. Nf5+ Kf8 62. g5 Qd2+ 63. Kg4 Qg2+ 64. Ng3 a4 65. d6 Qd2 66. Nf5 Qd1+ 67. Kf4 Qd2+ 68. Kg4 Qd1+ 69. Kg3 a3 70. g6 Qg1+ 71. Kf4 Qc1+ 72. Kg4 Qd1+ 73. Kg5 Qc1+ 74. Kf6 Qb2+ 75. Rd4 Qb8 76. g7+ Kg8 77. Ne7+ 1-0

[Event "44th Chess Olympiad Open 2022"]
[Site "Chennai"]
[Date "2022.08.09"]
[Round "11.59"]
[White "Fellman, Mike"]
[Black "Nay Lin Tun"]
[Result "1/2-1/2"]
[ECO "A58"]
[WhiteElo "2107"]
[BlackElo "2045"]
[Annotator "NA RC"]
[PlyCount "54"]
[EventDate "2022.07.29"]
[EventType "team-tourn"]
[EventCountry "IND"]
[SourceTitle "playchess.com"]
[Source "ChessBase"]
[SourceQuality "1"]
[WhiteTeam "Puerto Rico"]
[BlackTeam "Myanmar"]
[WhiteTeamCountry "PUR"]
[BlackTeamCountry "MYA"]
[TimeControl "40/5400+30:1800+30"]

1. d4 Nf6 2. c4 c5 3. d5 b5 4. cxb5 a6 5. bxa6 g6 6. Nc3 Bxa6 7. g3 d6 8. Bg2 Bg7 9. Nf3 O-O 10. O-O Nbd7 11. Rb1 Qa5 12. Bd2 Qc7 13. b3 Nb6 14. Nh4 Bb7 15. e4 Ba6 16. Re1 Nfd7 17. Nf3 Bd3 18. Rc1 c4 19. Be3 Nc5 20. Nd2 Bxc3 21. Rxc3 Rxa2 22. Nxc4 Nxc4 23. bxc4 Qa5 24. Bd2 Qa7 25. Be3 Qa5 26. Bd2 Qa7 27. Be3 Qa5 1/2-1/2

[Event "44th Chess Olympiad Open 2022"]
[Site "Chennai"]
[Date "2022.08.09"]
[Round "11.59"]
[White "Gerena Rivas, Eliam"]
[Black "Maung, Maung Kyaw Zaw Hein"]
[Result "1-0"]
[ECO "B18"]
[WhiteElo "2102"]
[BlackElo "2121"]
[Annotator "RC"]
[PlyCount "129"]
[EventDate "2022.07.29"]
[EventType "team-tourn"]
[EventCountry "IND"]
[SourceTitle "playchess.com"]
[Source "ChessBase"]
[SourceQuality "1"]
[WhiteTeam "Puerto Rico"]
[BlackTeam "Myanmar"]
[WhiteTeamCountry "PUR"]
[BlackTeamCountry "MYA"]
[TimeControl "40/5400+30:1800+30"]

1. e4 c6 2. d4 d5 3. Nc3 dxe4 4. Nxe4 Bf5 5. Ng3 Bg6 6. h4 h6 7. N1e2 Nf6 8. Nf4 Bh7 9. Bc4 e6 10. Qe2 Nd5 11. c3 Nxf4 12. Bxf4 Nd7 13. Nh5 Bg6 14. O-O-O Bxh5 15. Qxh5 Nf6 16. Qe2 Bd6 17. Be5 Qc7 18. Kb1 O-O-O 19. Rhe1 Kb8 20. Bb3 Rd7 21. Rd3 Rhd8 22. Red1 c5 23. Ba4 c4 24. Rf3 Bxe5 25. Bxd7 Rxd7 26. dxe5 Nd5 27. Rd4 b5 28. Rh3 Qc5 29. Rh1 Rc7 30. Rhd1 a5 31. Qe4 b4 32. Rxd5 exd5 33. Qxd5 bxc3 34. bxc3 Qxf2 35. Ka1 Qc5 36. Rb1+ Ka7 37. Rb7+ Ka6 38. Qxc5 Rxc5 39. Rxf7 Rxe5 40. Rxg7 Re2 41. a4 h5 42. Rg5 Kb6 43. Kb1 Rd2 44. Kc1 Re2 45. Rb5+ Ka6 46. Rxh5 Rxg2 47. Rg5 Rh2 48. Rg4 Kb6 49. Rxc4 Kb7 50. Kd1 Kb6 51. Ke1 Kb7 52. Kf1 Kb6 53. Kg1 Rc2 54. h5 Rc1+ 55. Kg2 Rc2+ 56. Kg3 Rc1 57. Kg4 Rg1+ 58. Kf5 Rh1 59. Kg6 Rg1+ 60. Kh7 Kb7 61. h6 Rg3 62. Kh8 Kb6 63. h7 Kb7 64. Re4 Rxc3 65. Re7+ 1-0

[Event "44th Chess Olympiad Open 2022"]
[Site "Chennai"]
[Date "2022.08.09"]
[Round "11.59"]
[White "Sai Han Thiha"]
[Black "Rodriguez Santiago, Jaime"]
[Result "1-0"]
[ECO "B06"]
[WhiteElo "1974"]
[BlackElo "2067"]
[Annotator "NA RC"]
[PlyCount "73"]
[EventDate "2022.07.29"]
[EventType "team-tourn"]
[EventCountry "IND"]
[SourceTitle "playchess.com"]
[Source "ChessBase"]
[SourceQuality "1"]
[WhiteTeam "Myanmar"]
[BlackTeam "Puerto Rico"]
[WhiteTeamCountry "MYA"]
[BlackTeamCountry "PUR"]
[TimeControl "40/5400+30:1800+30"]

1. d4 g6 2. e4 d6 3. Nc3 c6 4. Nf3 Bg7 5. Bc4 b5 6. Bb3 b4 7. Ne2 Nf6 8. Ng3 O-O 9. O-O Bg4 10. a3 bxa3 11. Rxa3 Nbd7 12. Re1 Qc7 13. h3 Bxf3 14. Qxf3 c5 15. c3 a5 16. Bf4 cxd4 17. cxd4 e5 18. Be3 Rfb8 19. Qe2 Qb7 20. d5 h5 21. Ba4 h4 22. Bc6 Qb4 23. Nf1 Qxe4 24. Ra4 Qf5 25. Rea1 e4 26. Bxa8 Rxa8 27. Rxa5 Rb8 28. Ba7 Rb7 29. Ne3 Qg5 30. Bd4 Ne5 31. Bxe5 Qxe5 32. Nc4 Qe7 33. Ra8+ Kh7 34. Ne3 Nh5 35. Qg4 Rxb2 36. Qc8 Bd4 37. Ng4 1-0

[Event "44th Chess Olympiad Open 2022"]
[Site "Chennai"]
[Date "2022.08.09"]
[Round "11.60"]
[White "Van den Brink, Peter"]
[Black "Oatlhotse, Providence"]
[Result "1/2-1/2"]
[ECO "A21"]
[WhiteElo "2167"]
[BlackElo "2204"]
[Annotator "ChessBase"]
[PlyCount "145"]
[EventDate "2022.07.29"]
[EventType "team-tourn"]
[EventCountry "IND"]
[SourceTitle "playchess.com"]
[Source "ChessBase"]
[SourceQuality "1"]
[WhiteTeam "ARU"]
[BlackTeam "Botswana"]
[BlackTeamCountry "BOT"]
[TimeControl "40/5400+30:1800+30"]

1. c4 g6 2. g3 Bg7 3. Bg2 e5 4. Nc3 Ne7 5. e3 O-O 6. Nge2 c6 7. d4 d6 8. O-O f5 9. dxe5 dxe5 10. e4 Qc7 11. f4 Be6 12. b3 Na6 13. Ba3 Rad8 14. Qc2 Nb4 15. Bxb4 Qb6+ 16. Kh1 Qxb4 17. a3 Qa5 18. b4 Qa6 19. c5 Bc4 20. Rfd1 Bd3 21. Qa2+ Qc4 22. Rd2 Qxa2 23. Raxa2 exf4 24. gxf4 Bc4 25. Rac2 fxe4 26. Bxe4 Nf5 27. Bxf5 gxf5 28. Kg2 Bd3 29. Ra2 Rfe8 30. Kf3 Kf7 31. Nc1 Bc4 32. Rxd8 Rxd8 33. Rc2 Bd3 34. Rd2 Be4+ 35. Nxe4 fxe4+ 36. Ke3 Rxd2 37. Kxd2 Bb2 38. Ne2 Bxa3 39. Kc3 a5 40. bxa5 Bxc5 41. Ng3 e3 42. Ne4 Ba7 43. Nd6+ Ke6 44. Nxb7 Kf5 45. Nd8 Kxf4 46. Nxc6 Kf3 47. Ne5+ Kg2 48. h4 h5 49. a6 Kg3 50. Kd3 Kf2 51. Ke4 e2 52. Nd3+ Kg3 53. Ne1 Bb6 54. Nc2 Kg4 55. Ne1 Bf2 56. Nc2 Bc5 57. Ne1 Ba7 58. Nc2 Kxh4 59. Kf3 Kh3 60. Kxe2 Kg2 61. Ne3+ Kg3 62. Nf5+ Kf4 63. Kf1 Kxf5 64. Kg2 Kg4 65. Kh1 h4 66. Kg2 Kg5 67. Kh1 Kf6 68. Kg2 Ke6 69. Kh3 Kd6 70. Kxh4 Kc6 71. Kg4 Kb6 72. Kf5 Kxa6 73. Ke4 1/2-1/2

[Event "44th Chess Olympiad Open 2022"]
[Site "Chennai"]
[Date "2022.08.09"]
[Round "11.60"]
[White "Rongwane, Gomolemo"]
[Black "Croes, Octavio"]
[Result "1-0"]
[ECO "E19"]
[WhiteElo "2033"]
[BlackElo "1794"]
[Annotator "NA RC"]
[PlyCount "79"]
[EventDate "2022.07.29"]
[EventType "team-tourn"]
[EventCountry "IND"]
[SourceTitle "playchess.com"]
[Source "ChessBase"]
[SourceQuality "1"]
[WhiteTeam "Botswana"]
[BlackTeam "ARU"]
[WhiteTeamCountry "BOT"]
[TimeControl "40/5400+30:1800+30"]

1. d4 Nf6 2. Nf3 e6 3. g3 b6 4. Bg2 Bb7 5. O-O Be7 6. c4 O-O 7. Nc3 Ne4 8. Qc2 Nxc3 9. Qxc3 f5 10. Qd3 Be4 11. Qd1 d6 12. Re1 Nd7 13. Bf1 c5 14. dxc5 Nxc5 15. Nd4 e5 16. Nb5 Bc6 17. Nc3 Ne4 18. Nd5 Qd7 19. Bg2 Rac8 20. b3 Nf6 21. Nxf6+ Bxf6 22. Bd5+ Kh8 23. Ba3 e4 24. Rc1 Be5 25. Qd2 f4 26. Bxc6 Qxc6 27. e3 f3 28. Red1 Qd7 29. Qe1 Qh3 30. Qf1 Qh6 31. Rc2 Rf5 32. h4 Rcf8 33. Rcd2 R8f6 34. Qh3 Bxg3 35. fxg3 f2+ 36. Kf1 Qxe3 37. Bb2 Rf8 38. Qg4 Qh6 39. Rxd6 e3 40. Rxh6 1-0

[Event "44th Chess Olympiad Open 2022"]
[Site "Chennai"]
[Date "2022.08.09"]
[Round "11.60"]
[White "Monnaatsheko, Keletshabile"]
[Black "Antonio, Kyell-Jean"]
[Result "1-0"]
[ECO "D02"]
[WhiteElo "2014"]
[BlackElo "1497"]
[Annotator "TA"]
[PlyCount "37"]
[EventDate "2022.07.29"]
[EventType "team-tourn"]
[EventCountry "IND"]
[SourceTitle "playchess.com"]
[Source "ChessBase"]
[SourceQuality "1"]
[WhiteTeam "Botswana"]
[BlackTeam "ARU"]
[WhiteTeamCountry "BOT"]
[TimeControl "40/5400+30:1800+30"]

1. d4 d5 2. Bf4 c5 3. e3 Nf6 4. c3 e6 5. Nd2 Bd6 6. Bg3 Nc6 7. Ngf3 O-O 8. Bd3 b6 9. e4 {[%emt 0:00:24] And now e5 would win. 9.Qe2 gains popularity. D02: 1 d4 d5 2 Nf3 sidelines, including 2...Nf6 3 g3 and 2...Nf6 3 Bf4.} dxe4 ({Better is} 9... Be7 $11) 10. Nxe4 $14 Nxe4 11. Bxe4 {[%emt 0:00:15] White is slightly better.} Bb7 12. dxc5 Bxc5 13. Qa4 Rc8 14. Rd1 $36 {[%emt 0:00:50][%mdl 2048] White has some pressure.} Qe8 {[%emt 0:04:40][%mdl 8192] [#]} (14... Qe7 $14) 15. Bxh7+ $1 Kh8 16. Qh4 {[%emt 0:00:51] [#] White wants to mate with Bb1+.} g5 $146 ({Predecessor:} 16... Qe7 17. Qh5 {1-0 (17) Santagati,A (2279)-Donate Moreno,S (2008) Benidorm 2021}) 17. Qh6 {[%emt 0:04:10] White mates.} f5 18. Bg6+ Kg8 19. Qh7# {[%emt 0:00:08] Black got outplayed after the opening.  Weighted Error Value: White=0.00 (flawless) /Black=1.45} 1-0

[Event "44th Chess Olympiad Open 2022"]
[Site "Chennai"]
[Date "2022.08.09"]
[Round "11.60"]
[White "Stetsenko, Ilya"]
[Black "Oratile, Kgotlane"]
[Result "0-1"]
[ECO "B27"]
[WhiteElo "1683"]
[BlackElo "2024"]
[Annotator "NA RC"]
[PlyCount "68"]
[EventDate "2022.07.29"]
[EventType "team-tourn"]
[EventCountry "IND"]
[SourceTitle "playchess.com"]
[Source "ChessBase"]
[SourceQuality "1"]
[WhiteTeam "ARU"]
[BlackTeam "Botswana"]
[BlackTeamCountry "BOT"]
[TimeControl "40/5400+30:1800+30"]

1. e4 c5 2. Nf3 g6 3. d4 cxd4 4. Qxd4 Nf6 5. Nc3 Nc6 6. Qa4 d6 7. e5 dxe5 8. Nxe5 Bd7 9. Nxc6 Bxc6 10. Bb5 Qd7 11. Bxc6 bxc6 12. O-O Bg7 13. Rd1 Qb7 14. Be3 O-O 15. Rab1 Nd5 16. Nxd5 cxd5 17. Rd3 Rfc8 18. Rb3 Qc7 19. c3 Rd8 20. g3 Rd7 21. Rd1 e5 22. Rb5 d4 23. cxd4 exd4 24. Bf4 Qd8 25. Rd3 Rc8 26. Be5 Qe8 27. Bxg7 Rd5 28. Ra5 Qe1+ 29. Kg2 Rxa5 30. Qxd4 Rc1 31. Bh8 Qf1+ 32. Kf3 Rf5+ 33. Ke4 Qe2+ 34. Re3 Qc2+ 0-1

[Event "44th Chess Olympiad Open 2022"]
[Site "Chennai"]
[Date "2022.08.09"]
[Round "11.61"]
[White "Garcia Cuestas, Kevin"]
[Black "Salim Mohammed, Salim Al Amri"]
[Result "0-1"]
[ECO "D02"]
[WhiteElo "1984"]
[BlackElo "1917"]
[Annotator "TA"]
[PlyCount "78"]
[EventDate "2022.07.29"]
[EventType "team-tourn"]
[EventCountry "IND"]
[SourceTitle "playchess.com"]
[Source "ChessBase"]
[SourceQuality "1"]
[WhiteTeam "Honduras"]
[BlackTeam "OMA"]
[WhiteTeamCountry "HON"]
[TimeControl "40/5400+30:1800+30"]

1. Nf3 c5 2. g3 d5 3. d4 Nc6 4. Bg2 Bg4 5. c3 e6 6. Qa4 {[%emt 0:03:48] D02: 1 d4 d5 2 Nf3 sidelines, including 2...Nf6 3 g3 and 2...Nf6 3 Bf4.} (6. Ne5 $11 {remains equal.} Bf5 7. O-O) 6... Bxf3 $17 7. Bxf3 {[%emt 0:00:19] [#]} Nf6 $146 {[%emt 0:00:56] Prevents e4.} (7... cxd4 $1 $15 8. cxd4 Qf6) ({Predecessor:} 7... cxd4 8. cxd4 Qf6 9. Be3 Bb4+ 10. Nc3 Nge7 11. a3 Ba5 12. g4 Qh4 13. O-O-O a6 {0-1 (36) Egger,T (2194)-Fuchs,G (2206) Bayern 2007}) 8. Nd2 {[%emt 0:05:01] The position is equal.} cxd4 9. cxd4 Qb6 10. e3 Be7 11. O-O O-O 12. a3 Rfc8 13. b4 a5 14. b5 Na7 15. Rb1 Qd8 16. Bb2 Qd7 17. Be2 b6 18. Nf3 Bd6 19. Rfc1 Ne4 20. Qd1 f6 (20... Nxb5 $2 21. Qa4 $18) 21. Bd3 f5 (21... Nxb5 $2 22. Qa4 $18) 22. Ne5 Bxe5 23. dxe5 Nc5 (23... Nxb5 $2 24. Qa4 $18) (23... Rxc1 $1 $11 {keeps the balance.} 24. Rxc1 a4) 24. Bf1 (24. a4 $16) 24... a4 $11 25. Bd4 Nb3 26. Rxc8+ Rxc8 27. Rxb3 ({Don't play} 27. Bxb6 Nxb5 28. Bxb5 Qxb5 $17) 27... axb3 28. Qxb3 Rb8 29. Qb4 Nc8 30. a4 Ra8 31. Be2 $1 Kf7 32. Kg2 Qc7 33. Bc3 Ne7 34. g4 $2 {[%emt 0:01:54] [#]} (34. Bh5+ $1 $11 g6 35. Bf3) 34... g6 (34... Rc8 $19 35. Bb2 Qc2) 35. gxf5 (35. h3 $17) 35... Nxf5 $19 {[%emt 0:01:09] aiming for ...Rc8.} 36. Bf3 $2 (36. Bg4) 36... Rc8 {[%emt 0:01:45] Black is clearly winning.} 37. Bd4 Qc1 {[%emt 0:00:53] [#] Against Qd2. ( -> ...Nh4+)} 38. Bxb6 Rc4 39. Qxc4 Qxc4 {[%emt 0:00:32] Weighted Error Value: White=0.75/Black=0.13 (very precise)} 0-1